 Dungeon Crawl Stone Soup version 0.20.0-10-g0535bb4 (webtiles) character file.

333 Gorglomux the Insei (level 6, -5/39 HPs)
             Began as an Octopode Transmuter on June 5, 2017.
             Killed by divine providence
             ... invoked by an orc priest
              (16 damage)
             ... on level 5 of the Dungeon.
             The game lasted 00:04:32 (3278 turns).

Gorglomux the Insei (Octopode Transmuter)           Turns: 3278, Time: 00:04:33

Health: -5/39      AC:  2    Str:  9    XL:     6   Next: 52%
Magic:  6/9        EV: 20    Int: 17    God:
Gold:   165        SH:  0    Dex: 18    Spells: 3/9 levels left

rFire    . . .     SeeInvis .     - Unarmed
rCold    . . .     Gourm    .   (shield currently unavailable)
rNeg     . . .     Faith    .   (helmet currently unavailable)
rPois    x         Spirit   .   (no amulet)
rElec    .         Reflect  .   y - +3 ring of slaying
rCorr    .         Harm     .   (no ring)
MR       .....                  (no ring)
Stlth    ++........             (no ring)
Regen    0.2/turn               (no ring)
MPRegen  0.2/turn               (no ring)
                                (no ring)
                                (no ring)

@: spider-form (expiring)
A: almost no armour, stealthy swim, (amphibious), 8 rings, (constrict 8)
a: End Transformation


You were on level 5 of the Dungeon.
You were not hungry.
You were a venomous arachnid creature.
You visited 1 branch of the dungeon, and saw 5 of its levels.

You collected 165 gold pieces.

Inventory:

Missiles
 a - 63 arrows
Armour
 f - a +2 hat (melded)
Jewellery
 y - a +3 ring of slaying (left front leg)
 F - an uncursed amulet of magic regeneration {unknown}
 I - an uncursed ring of fire {unknown}
 S - an uncursed ring of see invisible {unknown}
Scrolls
 C - 3 scrolls of identify {unknown}
 G - 3 scrolls of enchant weapon {unknown}
 M - 4 scrolls of magic mapping
 N - 4 scrolls of remove curse {unknown}
 O - a scroll of fear {unknown}
 Q - 4 scrolls of teleportation {unknown}
 R - a scroll of random uselessness {unknown}
Potions
 e - 5 potions of curing {unknown}
 g - a potion of degeneration {unknown}
 A - a potion of flight {unknown}
 E - 4 potions of heal wounds
 H - 2 potions of might {unknown}
 J - a potion of lignification {unknown}
 K - a potion of magic {unknown}
Books
 b - a book of Changes

   Spells                             Type                      Level
   a - Beastly Appendage              Transmutation                1
   b - Sticks to Snakes               Transmutation                2
   c - Spider Form                    Transmutation/Poison         3
   d - Ice Form                       Ice/Transmutation            4
   e - Blade Hands                    Transmutation                5
Comestibles
 c - 4 bread rations
 z - 2 meat rations
 T - a chunk of flesh


   Skills:
 - Level 2.1 Fighting
 - Level 2.0 Dodging
 + Level 5.4 Unarmed Combat
 + Level 2.1 Spellcasting
 + Level 4.1 Transmutations
 - Level 1.0 Poison Magic


You had 3 spell levels left.
You knew the following spells:

 Your Spells              Type           Power        Failure   Level  Hunger
a - Beastly Appendage     Tmut           ###...       12%         1    #......
b - Sticks to Snakes      Tmut           ###.....     16%         2    ###....
c - Spider Form           Tmut/Pois      ##........   38%         3    ###....


Dungeon Overview and Level Annotations

Branches:
Dungeon (5/15)
 Temple: D:4-7

Altars:
Elyvilon
Nemelex Xobeh


Innate Abilities, Weirdness & Mutations

You cannot wear most types of armour.
You are very stealthy in the water. (Stealth+)
((You are amphibious.))
You can wear up to eight rings at the same time.
((You can use your tentacles to constrict eight enemies at once.))
((Your skin changes colour to match your surroundings (Stealth+).))
((Your rubbery body absorbs attacks. (AC +1, EV +1)))


Message History

The orc wizard casts a spell.
The orc wizard seems to speed up.
You see here a chain mail.
You hit the orc priest but do no damage.
The orc priest is poisoned.
The orc priest invokes the aid of Beogh against you.
You barely resist. You barely miss the orc priest.
The orc priest barely misses you.
You hit the orc priest.
The orc priest looks as sick as possible!
The orc priest is severely wounded.
Something hits you but does no damage.
The orc priest calls down the wrath of Beogh upon you.
Beogh smites you!
You barely miss something. Something completely misses you.
The orc wizard hits you with a dagger.
* * * LOW HITPOINT WARNING * * *
The orc priest mumbles some strange prayers to Beogh against you.
Beogh smites you!
You die...

. ###.#.#.# (⌠
#...#.#.#
...#...#.#.# .
........#.#
.#######......#
....## ##..##.######
.....####.##.>.....#
...................#
.....^###.##....s{.#
....>.#
#.##....oo....#
.....##
#.##...$........
....([#
#(####..........
<.....# ..#
#.......... ......#
.## #..........
.....## #..........
#...## #..........
.####


You could see an orc priest and an orc wizard.

Vanquished Creatures
  A bullfrog zombie (D:3)
  A hound (D:3)
  A centaur skeleton (D:4)
  Natasha (twice) (D:2)
  A worker ant (D:5)
  Robin (D:2)
  A gnoll (D:1)
  5 adders
  An ooze (D:3)
  3 worms
  3 dart slugs
  5 leopard geckos
  2 orcs
  6 giant cockroaches
  10 goblins
  12 hobgoblins
  4 jackals (D:1)
  A ball python (D:2)
  6 bats
  4 frilled lizards
  4 kobolds
  A quokka skeleton (D:4)
  11 rats
86 creatures vanquished.

Notes
Turn   | Place    | Note
-------+----------+-------------------------------------------
     0 | D:1      | Gorglomux the Octopode Transmuter began the quest for the Orb.
     0 | D:1      | Reached XP level 1. HP: 13/13 MP: 3/3
   131 | D:1      | Reached XP level 2. HP: 9/19 MP: 3/5
   318 | D:1      | Learned a level 2 spell: Sticks to Snakes
   368 | D:1      | Reached XP level 3. HP: 19/24 MP: 4/6
   373 | D:1      | Learned a level 3 spell: Spider Form
   863 | D:1      | Reached skill level 1 in Poison Magic
   941 | D:2      | Noticed Robin
   989 | D:2      | Killed Robin
   989 | D:2      | Reached skill level 4 in Unarmed Combat
   989 | D:2      | Reached XP level 4. HP: 11/29 MP: 3/7
  1232 | D:2      | Noticed Natasha
  1245 | D:2      | Killed Natasha
  1404 | D:2      | Found a sparkling altar of Nemelex Xobeh.
  1488 | D:2      | Reached XP level 5. HP: 34/34 MP: 8/8
  1494 | D:2      | Reached skill level 3 in Transmutations
  1604 | D:2      | Noticed Natasha
  1616 | D:2      | Killed Natasha
  1756 | D:3      | Reached skill level 5 in Unarmed Combat
  1756 | D:3      | Reached XP level 6. HP: 3/39 MP: 7/9
  2923 | D:4      | Found a white marble altar of Elyvilon.
  3232 | D:5      | Entered Level 5 of the Dungeon
  3278 | D:5      | Killed from afar by an orc priest

Skill      XL: |  1  2  3  4  5  6 |
---------------+-------------------+-----
Fighting       | 2 |  2.1
Poison Magic   | 1 |  1.0
Unarmed Combat | 4 5 |  5.4
Transmutations | 3 4 |  4.1
Dodging        | |  2.0
Spellcasting   | |  2.1

Action                   |  1- 3 |  4- 6 || total
-------------------------+-------+-------++-------
Melee: Unarmed           |    82 |   126 ||   208
       Kick              |    13 |       ||    13
       Constrict         |    18 |    11 ||    29
       Tentacles         |     9 |     6 ||    15
       Punch             |       |     2 ||     2
 Cast: Beastly Appendage |    12 |       ||    12
       Sticks to Snakes  |     1 |       ||     1
       Spider Form       |     2 |    22 ||    24
  Use: Scroll            |       |     1 ||     1
 Stab: Sleeping          |     6 |     5 ||    11
       Distracted        |     1 |       ||     1
  Eat: Chunk             |     1 |    11 ||    12
Armor: Skin              |    14 |     7 ||    21
Dodge: Dodged            |    61 |    92 ||   153
